AoeStats
← Vooodowar

Runestones

507654755Analyzed
1v1 RM · 12d ago on Sep 19, 2026· 82m 18s· 2 players
Game mode
Random Map
Map size
Tiny (2 player)
Population
200
Speed
Normal
Resources
Standard
Victory
Conquest
Starting age
Dark Age
Ending age
Imperial Age
RankedLock teamsTeams togetherTeam positionsShared explorationLock speedFull tech treeHidden civsTurbo modeCheats
Victory
Defeat
🇺🇸 Bohemians · United States
583
+38
🇲🇽 Magyars · Mexico
619
-18
Austin
3:42 Loom
11:18 Feudal Age
12:49 Wheelbarrow
13:07 Horse Collar
13:14 Double-Bit Axe
22:30 Scale Barding Armor
22:38 Forging
24:44 Man-at-Arms
25:33 Fletching
25:44 Padded Archer Armor
34:47 Castle Age
33:33 Arson
35:12 Pikeman
35:58 Squires
36:35 Leather Archer Armor
36:15 Bodkin Arrow
40:16 Crossbowman
42:21 Bow Saw
44:46 Iron Casting
44:12 Scale Mail Armor
46:23 Heavy Plow
46:46 Hand Cart
51:55 Chain Mail Armor
52:00 Chain Barding Armor
52:46 Light Cavalry
53:29 Husbandry
56:08 Wagenburg Tactics
60:37 Imperial Age
59:07 Elite Skirmisher
63:39 Chemistry
62:39 Murder Holes
62:27 Treadmill Crane
65:20 Bombard Tower
65:18 Masonry
65:24 Fortified Wall
65:36 Ballistics
65:31 Fortified Wall
71:24 Conscription
72:18 Architecture
71:59 Siege Engineers
74:25 Guard Tower
74:56 Bombard Tower
74:22 Arrowslits
75:43 Blast Furnace
74:52 Bracer
Vooodowar
2:47 Loom
12:29 Feudal Age
12:43 Man-at-Arms
19:30 Fletching
21:16 Town Watch
22:47 Double-Bit Axe
22:44 Horse Collar
27:11 Wheelbarrow
28:58 Castle Age
29:13 Long Swordsman
30:08 Bloodlines
30:00 Husbandry
31:26 Wheelbarrow
30:24 Pikeman
33:16 Scale Barding Armor
35:33 Bodkin Arrow
39:54 Padded Archer Armor
40:55 Murder Holes
42:40 Elite Skirmisher
43:28 Thumb Ring
44:28 Town Patrol
51:51 Heavy Plow
55:43 Scale Mail Armor
56:02 Leather Archer Armor
58:06 Chain Mail Armor
65:56 Imperial Age
66:12 Chain Barding Armor
67:29 Ballistics
70:17 Chemistry
69:39 Halberdier
72:22 Conscription
75:21 Bow Saw
75:06 Gold Mining
75:07 Stone Mining
76:08 Plate Barding Armor
Connection lost

Rejoining the realm…

Still unreachable

The connection could not be restored.

Session expired

The server has moved on; the page needs a fresh start.